 Dungeon Crawl Stone Soup version 0.19.5 (webtiles) character file.

31201 Ponchio the Arsonist (level 13, -14/70 HPs)
             Began as a Deep Elf Conjurer on Mar 8, 2017.
             Was an Elder of Vehumet.
             Demolished by a lindwurm (16 damage)
             ... on level 3 of the Lair of Beasts.
             The game lasted 02:26:36 (21703 turns).

Ponchio the Arsonist (Deep Elf Conjurer)           Turns: 21703, Time: 02:26:37

Health: -14/70     AC:  9    Str:  5    XL:     13   Next: 24%
Magic:  5/31       EV: 16    Int: 26    God:    Vehumet [****..]
Gold:   593        SH:  0    Dex: 15    Spells: 7 memorised, 16 levels left

rFire  . . .     SeeInvis .     C - +1 short sword (vamp)
rCold  + + .     Gourm    .     L - +1 robe {rC+}
rNeg   . . .     Faith    .     (no shield)
rPois  +         Spirit   .     u - +0 helmet
rElec  .         Reflect  .     (no cloak)
rCorr  .         Harm     .     m - +2 pair of gloves
MR     ++...                    g - +1 pair of boots
Stlth  +.........               (no amulet)
                                y - ring of poison resistance
                                b - ring of protection from cold

@: hasted, repel missiles, very quick
A: blurry vision 1, magic resistance 1, wild magic 1
a: Renounce Religion


You were on level 3 of the Lair of Beasts.
You worshipped Vehumet.
Vehumet was greatly pleased with you.
You were not hungry.

You visited 3 branches of the dungeon, and saw 16 of its levels.

You collected 881 gold pieces.
You spent 288 gold pieces at shops.

Inventory:

Hand Weapons
 C - a +1 vampiric short sword (weapon)
Armour
 g - a +1 pair of boots (worn)
 m - a +2 pair of gloves (worn)
 u - a +0 helmet (worn)
 L - a +1 robe of cold resistance (worn)
Jewellery
 b - a ring of protection from cold (left hand)
 p - a +4 ring of dexterity
 y - a ring of poison resistance (right hand)
Wands
 e - a wand of teleportation (5/9)
 l - a wand of iceblast (15/15)
 s - a wand of iceblast (11/15)
 B - a wand of iceblast (7/15)
 T - a wand of disintegration (19/24)
Scrolls
 j - a scroll of teleportation
 q - 3 scrolls of blinking
 r - 11 scrolls of remove curse
 v - 3 scrolls of magic mapping
 x - a scroll of identify
 A - a scroll of enchant weapon
 D - 2 scrolls of summoning
 E - a scroll of vulnerability {unknown}
Potions
 d - 4 potions of invisibility
 f - a potion of haste
 h - 5 potions of curing
 n - 2 potions of agility
 t - 5 potions of ambrosia
 w - a potion of resistance
 z - a potion of cancellation
 G - a potion of lignification
 H - 2 potions of berserk rage
 I - 2 potions of brilliance
Books
 o - the Grimoire of Excruciating Dislocation
   (You acquired it on level 3 of the Lair of Beasts)

   Spells                             Type                      Level
   a - Throw Frost                    Conjuration/Ice              2
   b - Gell's Gravitas                Hexes/Translocation          3
   c - Teleport Other                 Translocation                3
   d - Bolt of Draining               Conjuration/Necromancy       5
   e - Irradiate                      Conjuration/Transmutation    5
   f - Bolt of Cold                   Conjuration/Ice              6
Comestibles
 a - 2 chunks of flesh
 c - 14 bread rations
 i - 9 meat rations
 k - 10 fruits


   Skills:
 + Level 4.2 Fighting
 + Level 6.8 Dodging
 - Level 2.4 Stealth
 - Level 12.7 Spellcasting
 - Level 12.1 Conjurations
 - Level 12.8 Charms
 - Level 14.0 Fire Magic


You had 16 spell levels left.
You knew the following spells:

 Your Spells              Type           Power        Failure   Level  Hunger
a - Magic Dart            Conj           ####         1%          1    None
b - Dazzling Spray        Conj/Hex       ######       1%          3    None
c - Iskenderun's Battles  Conj/Chrm      #######.     1%          5    ###....
d - Repel Missiles        Chrm/Air       ######       1%          2    None
e - Mephitic Cloud        Conj/Pois/Air  #####...     1%          3    None
f - Blink                 Tloc           N/A          10%         2    None
g - Bolt of Magma         Conj/Fire/Erth ######....   1%          5    ###....


Dungeon Overview and Level Annotations

Branches:
Dungeon (12/15)            Temple (1/1) D:5            Lair (3/6) D:10
  Swamp (0/4) Lair:2          Orc (0/2) D:11
  Snake: Lair:2-4    Spider: Lair:2-4

Altars:
Ashenzari
Cheibriados
Dithmenos
Elyvilon
Fedhas
Gozag
Hepliaklqana
Kikubaaqudgha
Makhleb
Nemelex Xobeh
Okawaru
Qazlal
Ru
Sif Muna
Trog
Uskayaw
Vehumet
Xom
Yredelemnul
Zin
The Shining One

Shops:
D:4 :   D:8 =   D:9 !   D:11 }

Annotations:
D:8 vilekko's ghost, novice MiFi


Innate Abilities, Weirdness & Mutations

Scrolls take you a little longer to read.
You are resistant to hostile enchantments. (MR+)
Your spells are a little harder to cast, but a little more powerful.


Message History

The dire elephant tramples you!
You hold your ground!
The dire elephant trunk-slaps you but does no damage.
Casting: Bolt of Magma
Confirm with . or Enter, or press ? or * to list all spells.
Aiming: Bolt of Magma
Press: ? - help, Shift-Dir - straight line, f/p - dire elephant
Aim: a dire elephant (steam, severely wounded)
The bolt of magma hits the dire elephant.
The dire elephant is almost dead.
You are engulfed in a cloud of scalding steam.
Your battlesphere fires!
The barrage of energy hits the dire elephant.
The dire elephant is almost dead.
The lindwurm barely misses you. The lindwurm claws you. x2
The dire elephant tramples you!!
* * * LOW HITPOINT WARNING * * *
You hold your ground!
The dire elephant trunk-slaps you!
* * * LOW HITPOINT WARNING * * *
You feel yourself speed up. The lindwurm bites you!
You die...

♣ ♣♣♣♣♣♣♣
♣♣♣♣.P...♣♣
♣♣♣.P.......♣
♣...........♣#
..).....≈≈≈..♣
#
.......≈P≈≈≈≈#
≈#
......≈≈≈≈≈≈≈#
##§#
≈≈≈..≈≈≈≈≈≈≈≈#
##k§§#
≈≈≈≈.≈≈≈≈≈≈≈≈#
#@Y≈§#
≈≈≈≈≈≈≈≈♣♣P≈≈♣
#≈##♣#
≈≈≈≈≈≈≈≈♣♣P≈♣♣
#≈≈##
≈≈≈≈≈≈≈≈♣≈≈≈♣♣
#*≈≈##
≈≈≈≈≈≈PP♣≈≈≈≈♣
##≈≈≈#
≈≈≈≈≈P.P♣♣P≈≈♣
##≈≈#
≈≈≈....♣♣♣P≈♣#
#8≈≈#
......P♣♣♣≈≈≈#
##≈≈≈#
......♣♣♣P≈≈≈#
#≈≈≈##


You could see a dire elephant, a lindwurm and a friendly battlesphere.

Vanquished Creatures
  Fannar (D:10)
  A catoblepas (Lair:3)
  A centaur warrior (D:12)
  9 death yaks (Lair:2)
  3 hill giants
  A phantasmal warrior (D:11)
  A deep elf mage (D:12)
  2 ugly things (D:11)
  An elephant (Lair:3)
  A cyclops (D:12)
  2 centaur zombies (D:11)
  2 black mambas (Lair:3)
  2 gargoyles
  3 spiny frogs
  3 komodo dragons (Lair:2)
  A freezing wraith (D:11)
  A troll (D:11)
  5 polar bears (Lair:1)
  7 hippogriffs
  3 blink frogs (Lair:1)
  The ghost of Vetiran the Skirmisher, an amateur GrMo (D:4)
  A spriggan (D:8)
  23 yaks
  A hungry ghost (D:9)
  2 vampire mosquitoes (D:12)
  Edmund (D:5)
  A mottled dragon (D:11)
  A swamp worm (Lair:2)
  2 hell hounds (D:10)
  A porcupine (Lair:1)
  9 water moccasins
  3 orc warriors
  6 sky beasts
  A black bear (D:10)
  3 necrophages
  2 ice beasts
  2 phantoms
  7 ogres
  15 wolves
  5 centaurs
  3 crocodiles
  Blork the orc (D:5)
  11 bullfrogs
  2 wyvern zombies
  4 scorpions
  A water moccasin skeleton (D:6)
  13 killer bees
  4 wights (D:5)
  A howler monkey (D:11)
  4 electric eels
  A bullfrog zombie (D:5)
  6 crimson imps
  4 hounds
  3 jellies
  An orc priest (D:12)
  A bullfrog skeleton (D:4)
  3 orc wizards
  5 iguanas
  8 worker ants
  A hound zombie (D:7)
  2 hound skeletons
  A mummy (D:5)
  2 howler monkey zombies
  Robin (D:2)
  A howler monkey skeleton (D:6)
  15 adders
  2 shadow imps
  An ooze (D:1)
  2 adder skeletons
  3 worms
  12 dart slugs
  6 leopard geckos
  36 orcs
  11 bats
  11 giant cockroaches
  7 hobgoblins
  12 jackals
  4 quokkas
  A ball python (D:3)
  5 frilled lizards
  14 goblins
  2 hobgoblin zombies (D:5)
  10 kobolds
  2 kobold zombies (D:5)
  A leopard gecko skeleton (D:6)
  2 quokka skeletons
  A quokka zombie (D:5)
  7 rats
388 creatures vanquished.

Vanquished Creatures (collateral kills)
  A tengu warrior (D:12)
1 creature vanquished.

Vanquished Creatures (others)
  An orc (D:8)
  3 fungi
  A plant (Lair:1)
  8 toadstools (Lair:3)
13 creatures vanquished.

Grand Total: 402 creatures vanquished

Notes
Turn   | Place    | Note
-------+----------+-------------------------------------------
     0 | D:1      | Ponchio the Deep Elf Conjurer began the quest for the Orb.
     0 | D:1      | Reached XP level 1. HP: 10/10 MP: 6/6
   294 | D:1      | Reached XP level 2. HP: 15/15 MP: 6/8
   664 | D:1      | Reached skill level 5 in Spellcasting
   664 | D:1      | Reached XP level 3. HP: 19/19 MP: 5/11
   953 | D:1      | Learned a level 3 spell: Dazzling Spray
  1708 | D:2      | Reached XP level 4. HP: 24/24 MP: 7/13
  1788 | D:2      | Noticed Robin
  1804 | D:2      | Killed Robin
  2161 | D:2      | Reached XP level 5. HP: 28/28 MP: 12/16
  2168 | D:2      | Learned a level 5 spell: Iskenderun's Battlesphere
  2275 | D:2      | Reached skill level 1 in Charms
  3345 | D:3      | Found an iron altar of Okawaru.
  3373 | D:3      | Found a snail-covered altar of Cheibriados.
  3404 | D:3      | Found a hide-covered altar of Uskayaw.
  3406 | D:3      | Found a stormy altar of Qazlal.
  3407 | D:3      | Found a shadowy altar of Dithmenos.
  3410 | D:3      | Found a hazy altar of Hepliaklqana.
  4212 | D:3      | Found an iron altar of Okawaru.
  4215 | D:3      | Found a snail-covered altar of Cheibriados.
  4218 | D:3      | Found a hide-covered altar of Uskayaw.
  4220 | D:3      | Found a stormy altar of Qazlal.
  4221 | D:3      | Found a shadowy altar of Dithmenos.
  4224 | D:3      | Found a hazy altar of Hepliaklqana.
  4461 | D:4      | Found Onlifoyse's Book Shoppe.
  4663 | D:4      | Noticed an ogre
  4670 | D:4      | Killed an ogre
  4670 | D:4      | Reached skill level 5 in Conjurations
  4670 | D:4      | Reached XP level 6. HP: 32/32 MP: 0/18
  4861 | D:4      | Identified Fusuaril's Papyrus of Earthen Evil
  4972 | D:4      | Noticed Vetiran's ghost (amateur GrMo)
  5193 | D:4      | Reached skill level 5 in Charms
  5296 | D:4      | Found an iron altar of Okawaru.
  5696 | D:4      | Killed Vetiran's ghost
  5696 | D:4      | Reached XP level 7. HP: 36/36 MP: 8/19
  5828 | D:5      | Entered Level 5 of the Dungeon
  5828 | D:5      | Noticed Edmund
  5834 | D:5      | Killed Edmund
  6203 | D:5      | Found a staircase to the Ecumenical Temple.
  6249 | Temple   | Entered the Ecumenical Temple
  6403 | Temple   | Became a worshipper of Vehumet
  6425 | D:5      | Reached XP level 8. HP: 15/41 MP: 12/21
  7003 | D:5      | Noticed Blork the orc
  7007 | D:5      | Killed Blork the orc
  7530 | D:5      | Gained mutation: Armour fits poorly on your strangely shaped body. [mutagenic meat]
  7531 | D:5      | Gained mutation: You possess an exceptional clarity of mind. [mutagenic meat]
  7532 | D:5      | Gained mutation: Your body sometimes deteriorates upon taking damage. [mutagenic meat]
  7533 | D:5      | Gained mutation: You have large cloven feet. [mutagenic meat]
  7728 | D:5      | Found a staircase to the Ecumenical Temple.
  7877 | D:5      | Reached * piety under Vehumet
  7877 | D:5      | Offered knowledge of Shock by Vehumet.
  8530 | D:6      | Found a burning altar of Makhleb.
  8534 | D:6      | Noticed a balrug
  8536 | D:6      | Found a glowing silver altar of Zin.
  8537 | D:6      | Noticed an angel
  9138 | D:6      | Reached XP level 9. HP: 45/45 MP: 17/24
  9166 | D:6      | Found a glowing silver altar of Zin.
  9172 | D:6      | Found a burning altar of Makhleb.
  9961 | D:7      | Reached skill level 10 in Charms
 10154 | D:8      | Noticed vilekko's ghost (novice MiFi)
 10168 | D:8      | Reached ** piety under Vehumet
 10179 | D:8      | HP: 2/45 [vilekko's ghost (17)]
 10480 | D:8      | Found Bysch's Jewellery Shoppe.
 10494 | D:8      | Offered knowledge of Sandblast by Vehumet.
 10523 | D:8      | Found a sparkling altar of Nemelex Xobeh.
 11031 | D:8      | Reached skill level 10 in Spellcasting
 11228 | D:9      | Found Ocokuuro's Distillery.
 11245 | D:9      | Bought a potion of curing for 36 gold pieces
 11245 | D:9      | Bought a potion of heal wounds for 60 gold pieces
 11245 | D:9      | Bought a potion of agility for 48 gold pieces
 11245 | D:9      | Bought a potion of lignification for 36 gold pieces
 11245 | D:9      | Bought a potion of berserk rage for 60 gold pieces
 11245 | D:9      | Bought a potion of brilliance for 48 gold pieces
 11349 | D:9      | Reached skill level 10 in Conjurations
 11504 | D:9      | Lost mutation: You have large cloven feet. [mutagenic meat]
 11505 | D:9      | Gained mutation: You are resistant to hostile enchantments. (MR+) [mutagenic meat]
 11507 | D:9      | Gained mutation: Your spells are a little harder to cast, but a little more powerful. [mutagenic meat]
 11508 | D:9      | Gained mutation: Scrolls take you a little longer to read. [mutagenic meat]
 11509 | D:9      | Gained mutation: You are frail. (-10% HP) [mutagenic meat]
 11571 | D:9      | Learned a level 2 spell: Repel Missiles
 11659 | D:9      | Reached XP level 10. HP: 45/45 MP: 18/27
 12100 | D:9      | Found Ocokuuro's Distillery.
 12377 | D:9      | Learned a level 3 spell: Mephitic Cloud
 12380 | D:9      | Learned a level 2 spell: Blink
 12381 | D:10     | Entered Level 10 of the Dungeon
 12579 | D:10     | Found a staircase to the Lair.
 12597 | D:10     | Offered knowledge of Throw Frost by Vehumet.
 12618 | D:10     | Noticed Fannar
 12635 | D:10     | Killed Fannar
 12782 | D:10     | You fall through a shaft for 2 floors!
 12922 | D:12     | Noticed a deep elf mage
 12924 | D:12     | Killed a deep elf mage
 12994 | D:12     | Noticed a gargoyle
 13001 | D:12     | Reached *** piety under Vehumet
 13004 | D:12     | Killed a gargoyle
 13170 | D:12     | Noticed a tengu warrior
 13171 | D:12     | Noticed a tengu warrior
 13192 | D:12     | Noticed a centaur warrior
 13198 | D:12     | Killed a centaur warrior
 13198 | D:12     | Reached XP level 11. HP: 23/48 MP: 15/29
 13342 | D:12     | Learned a level 5 spell: Bolt of Magma
 13391 | D:11     | Found Roatt's Gadget Emporium.
 13425 | D:11     | Reached skill level 1 in Fire Magic
 13430 | D:11     | Reached skill level 2 in Fire Magic
 13437 | D:11     | Reached skill level 3 in Fire Magic
 13440 | D:11     | Offered knowledge of Static Discharge by Vehumet.
 13441 | D:11     | Reached skill level 4 in Fire Magic
 13450 | D:11     | Reached skill level 5 in Fire Magic
 13464 | D:11     | Noticed a brown ugly thing
 13476 | D:11     | Killed a brown ugly thing
 13479 | D:11     | Noticed a red ugly thing
 13485 | D:11     | Killed a red ugly thing
 13485 | D:11     | Reached skill level 6 in Fire Magic
 13488 | D:11     | Noticed a phantasmal warrior
 13491 | D:11     | Killed a phantasmal warrior
 13491 | D:11     | Reached skill level 7 in Fire Magic
 13496 | D:11     | Noticed a death knight
 13796 | D:12     | Killed a tengu warrior
 13796 | D:12     | Reached skill level 8 in Fire Magic
 13983 | D:12     | Noticed a hill giant
 13986 | D:12     | Killed a hill giant
 14077 | D:12     | Got a crude chain mail
 14088 | D:12     | Identified the +0 chain mail "Natuun" {rC+ MR++ rCorr Int+2} (You found it on level 12 of the Dungeon)
 14374 | D:11     | Reached skill level 9 in Fire Magic
 14453 | D:11     | Reached **** piety under Vehumet
 14462 | D:11     | Offered knowledge of Sticky Flame by Vehumet.
 14638 | D:11     | Noticed a hill giant
 14640 | D:11     | Killed a hill giant
 14665 | D:11     | Found a staircase to the Orcish Mines.
 14697 | D:11     | Noticed a hill giant
 14702 | D:11     | Killed a hill giant
 14702 | D:11     | Reached skill level 10 in Fire Magic
 15266 | D:10     | Reached XP level 12. HP: 53/53 MP: 21/30
 15810 | D:10     | Found a staircase to the Lair.
 15871 | D:10     | Reached skill level 11 in Fire Magic
 16245 | Lair:1   | Entered Level 1 of the Lair of Beasts
 17074 | Lair:1   | Reached skill level 12 in Fire Magic
 18120 | Lair:1   | Lost mutation: You possess an exceptional clarity of mind. [potion of cure mutation]
 18120 | Lair:1   | Lost mutation: You are frail. (-10% HP) [potion of cure mutation]
 18120 | Lair:1   | Lost mutation: Your body sometimes deteriorates upon taking damage. [potion of cure mutation]
 18120 | Lair:1   | Lost mutation: Armour fits poorly on your strangely shaped body. [potion of cure mutation]
 18458 | Lair:2   | Found a staircase to the Swamp.
 18605 | Lair:2   | Reached skill level 13 in Fire Magic
 18696 | Lair:2   | Reached ***** piety under Vehumet
 18817 | Lair:2   | Noticed a death yak
 18817 | Lair:2   | Noticed a death yak
 18817 | Lair:2   | Noticed a death yak
 18819 | Lair:2   | Noticed a death yak
 18819 | Lair:2   | Noticed a death yak
 18822 | Lair:2   | Noticed a death yak
 18822 | Lair:2   | Killed a death yak
 18825 | Lair:2   | Killed a death yak
 18828 | Lair:2   | Killed a death yak
 19026 | Lair:2   | Killed a death yak
 19086 | Lair:2   | Reached skill level 14 in Fire Magic
 19088 | Lair:2   | Offered knowledge of Airstrike by Vehumet.
 19311 | Lair:2   | Killed a death yak
 19311 | Lair:2   | Reached skill level 1 in Fighting
 19314 | Lair:2   | Killed a death yak
 19823 | Lair:2   | Found a staircase to the Swamp.
 19856 | Lair:2   | Noticed a death yak
 19857 | Lair:2   | Noticed a death yak
 19863 | Lair:2   | Killed a death yak
 19864 | Lair:2   | Killed a death yak
 19864 | Lair:2   | Reached skill level 5 in Dodging
 19864 | Lair:2   | Reached XP level 13. HP: 68/68 MP: 19/31
 20936 | Lair:3   | Identified a scroll of acquirement
 20936 | Lair:3   | Identified the Grimoire of Excruciating Dislocation (You acquired it on level 3 of the Lair of Beasts)
 21233 | Lair:3   | Found a runed door.
 21299 | Lair:3   | Found a white marble altar of Elyvilon.
 21699 | Lair:3   | Noticed a dire elephant
 21702 | Lair:3   | HP: 2/70 [dire elephant (10)]
 21703 | Lair:3   | Demolished by a lindwurm

Skill      XL: |  1  2  3  4  5  6  7  8  9 10 11 12 13 |
---------------+----------------------------------------+-----
Spellcasting   | 5 7 9 11 12 | 12.7
Charms         | 4 6 7 9 10 12 | 12.8
Conjurations   | 5 6 7 9 10 12 | 12.1
Fire Magic     | 10 14 | 14.0
Fighting       | 2 4 |  4.2
Dodging        | 5 6 |  6.8
Stealth        | |  2.4

Action                   |  1- 3 |  4- 6 |  7- 9 | 10-12 | 13-15 || total
-------------------------+-------+-------+-------+-------+-------++-------
Melee: Dagger            |       |     7 |       |       |       ||     7
       Whip              |       |       |     1 |       |       ||     1
 Cast: Magic Dart        |    73 |   179 |   216 |   250 |    41 ||   759
       Dazzling Spray    |       |    10 |    14 |    52 |     6 ||    82
       Iskenderun's Batt |       |     1 |    39 |    80 |    11 ||   131
       Repel Missiles    |       |       |     1 |     1 |       ||     2
       Bolt of Magma     |       |       |       |    41 |    10 ||    51
       Mephitic Cloud    |       |       |       |    13 |     2 ||    15
       Blink             |       |       |       |     1 |       ||     1
  Use: Scroll            |       |    10 |     9 |    10 |     1 ||    30
       Potion            |       |       |       |     8 |     2 ||    10
 Stab: Sleeping          |       |     1 |     1 |       |       ||     2
  Eat: Chunk             |     1 |    10 |    34 |    31 |     5 ||    81
       Fruit             |       |     2 |     4 |     4 |     1 ||    11
       Beef jerky        |       |     1 |       |     3 |       ||     4
       Pizza             |       |       |       |     1 |     1 ||     2
Armor: Robe              |     1 |     6 |    19 |    31 |     3 ||    60
       Leather armour    |       |     2 |       |       |       ||     2
Dodge: Dodged            |     4 |    30 |    22 |    72 |     4 ||   132
       Deflected         |       |       |       |    10 |       ||    10
